 Dungeon Crawl Stone Soup version 0.21-a0-51-gea492e9 (webtiles) character file.

67 Fender the Skirmisher (level 4, 0/41 HPs)
             Began as a Hill Orc Abyssal Knight on June 12, 2017.
             Was a Follower of Lugonu.
             Killed by divine providence
             ... invoked by an orc priest
              (11 damage)
             ... on level 3 of the Dungeon.
             The game lasted 00:04:12 (1741 turns).

Fender the Skirmisher (Hill Orc Abyssal Knight)     Turns: 1741, Time: 00:04:13

Health: 0/41       AC:  3    Str: 15    XL:     4   Next: 16%
Magic:  6/6        EV:  8    Int: 12    God:    Lugonu [*.....]
Gold:   131        SH:  6    Dex: 10    Spells: 3/3 levels left

rFire    . . .     SeeInvis .   a - +1 hand axe
rCold    . . .     Gourm    .   l - +0 shield
rNeg     . . .     Faith    .   b - +0 leather armour
rPois    .         Spirit   .   (no helmet)
rElec    .         Reflect  .   (no cloak)
rCorr    +         Harm     .   (no gloves)
MR       .....                  (no boots)
Stlth    +.........             (no amulet)
Regen    0.2/turn               g - ring of resist corrosion
MPRegen  0.1/turn               (no ring)

@: no status effects
A: no striking features
a: Depart the Abyss, Renounce Religion, Convert to Beogh


You were on level 3 of the Dungeon.
You worshipped Lugonu.
Lugonu was aware of your devotion.
You were not hungry.

You visited 1 branch of the dungeon, and saw 3 of its levels.
You visited the Abyss 1 time.

You collected 131 gold pieces.

Inventory:

Hand Weapons
 a - a +1 hand axe (weapon)
Armour
 b - a +0 leather armour (worn)
 l - a +0 shield (worn)
Jewellery
 g - a ring of resist corrosion (left hand)
Scrolls
 d - 2 scrolls of identify {unknown}
 e - a scroll of fear {unknown}
 k - a scroll of magic mapping {unknown}
 n - a scroll of blinking {unknown}
 p - 2 scrolls of random uselessness {unknown}
 r - a scroll of remove curse {unknown}
 s - a scroll of noise {unknown}
Potions
 f - a potion of flight {unknown}
 h - 3 potions of curing
 o - a potion of berserk rage {unknown}
 q - a potion of agility {unknown}
Comestibles
 c - 2 bread rations
 i - a royal jelly
 j - a fruit
 m - a chunk of flesh


   Skills:
 + Level 4.3 Fighting
 * Level 4.0 Axes
 + Level 2.7 Armour
 - Level 1.0 Dodging
 + Level 3.1 Invocations


You had 3 spell levels left.
You didn't know any spells.

Dungeon Overview and Level Annotations

Branches:
Dungeon (3/15)

Altars:


Message History

You hit the orc.
The orc is lightly wounded.
The orc closely misses you.
The orc wizard begins to cast a cantrip, but forgets the words!
The orc barely misses you.
An orc comes into view. It is wielding a dagger.
You closely miss the orc.
The orc is lightly wounded.
The orc shouts!
The orc wizard begins to cast a cantrip, but forgets the words!
The orc barely misses you.
The orc priest shouts, "Surrender to Beogh and we'll let you live!"
You hit the orc.
The orc is heavily wounded.
The orc wizard gestures wildly while chanting.
The orc wizard flickers and vanishes!
Deactivating autopickup; reactivate with Ctrl-A.
The orc priest calls down the wrath of Beogh upon you.
Beogh smites you!
You die...

#....##### #........#
#.....##.#
#.....##.##########
#.....##....##....####
#....>†.............†.
###.#.#...........##..
#.#.#.....#.....##..
#.#@#.....#.######..
###.#o#..........# #..
...#o#..........# #..
#.#{#..........# #..
#.###.o.#####.....#
### #.......# #.....#
# ###.#)o.# ##...... .
#.##.?..# ###..... . #
#....... ..... .


You could see an orc priest, an orc wizard and 2 orcs.

Vanquished Creatures
  2 adders
  A worm (D:2)
  A dart slug (D:1)
  2 leopard geckos
  5 bats
  2 giant cockroaches (D:2)
  5 goblins
  6 hobgoblins
  3 ball pythons (D:2)
  6 frilled lizards
  5 kobolds
  6 rats
44 creatures vanquished.

Notes
Turn   | Place    | Note
-------+----------+-------------------------------------------
     0 | Abyss:1  | Fender the Hill Orc Abyssal Knight began the quest for the Orb.
     0 | Abyss:1  | Reached XP level 1. HP: 19/19 MP: 2/2
    52 | Abyss:1  | Found a roughly hewn altar of Beogh.
    96 | Abyss:1  | Noticed a quasit
    96 | D:1      | Escaped the Abyss
   145 | D:1      | Reached XP level 2. HP: 14/27 MP: 3/3
   423 | D:1      | Reached * piety under Lugonu
   443 | D:1      | Reached skill level 1 in Dodging
   707 | D:2      | Reached XP level 3. HP: 28/33 MP: 5/5
  1416 | D:3      | Reached XP level 4. HP: 13/41 MP: 6/6
  1629 | D:3      | Found a faded altar of an unknown god.
  1741 | D:3      | Killed from afar by an orc priest

Vault maps used:
D:1:      matt_arrival_grand_opening
D:2:      first_bread
D:3:      chequers_ecumenical_altar_island, bloody_makhleb

Skill      XL: |  1  2  3  4 |
---------------+-------------+-----
Axes           | 3 4 |  4.0
Dodging        | 1 |  1.0
Fighting       | 4 |  4.3
Invocations    | 3 |  3.1
Armour         | |  2.7

Action                   |  1- 3 |  4- 6 || total
-------------------------+-------+-------++-------
Melee: Hand axe          |   145 |    19 ||   164
Invok: Depart the Abyss  |     1 |       ||     1
  Use: Potion            |     1 |       ||     1
  Eat: Chunk             |     2 |     1 ||     3
Armor: Leather armour    |    40 |     5 ||    45
Dodge: Dodged            |    70 |    20 ||    90
Block: Shield            |    34 |     8 ||    42
